 Dungeon Crawl Stone Soup version 0.17.1-1-g73c8601 (webtiles) character file.

225618 Goblin1989 the Brawler (level 18, -5/147 HPs)
             Began as a Demonspawn Monk on Jan 2, 2016.
             Was a High Priest of Okawaru.
             Slain by Wiglaf
             ... wielding a +0 broad axe
              (31 damage)
             ... on level 1 of the Vaults on Jan 5, 2016.
             The game lasted 05:20:25 (64071 turns).

Goblin1989 the Brawler (Demonspawn Monk)           Turns: 64071, Time: 05:20:25

Health: -5/147     AC: 30    Str: 23    XL:     18   Next: 62%
Magic:  21/24      EV: 12    Int: 12    God:    Okawaru [*****.]
Gold:   1514       SH:  0    Dex: 17    Spells: 3 memorised, 5 levels left

rFire  + + .     SeeInvis .       - Unarmed
rCold  + + +     Clarity  .     k - +2 plate armour {rF+}
rNeg   + + .     SustAt   .     (no shield)
rPois  +         Gourm    .     P - -2 hat of the Alchemist {rElec rPois rF+ rC+ rN+ MR+ rMut rCorr}
rElec  +         Spirit   .     t - +2 cloak {MR+}
rCorr  +         Warding  .     (gloves unavailable)
rMut   +         Stasis   .     l - +2 pair of boots {Stlth+}
MR     ++++.                    U - amulet of faith
Stlth  +.........               E - +4 ring of protection
                                L - ring of protection from magic

@: mighty, finesse, very slightly contaminated, incredibly resistant to hostile
enchantments, very unstealthy
A: claws 3, icy blue scales 3, cold resistance 1, negative energy resistance 1,
nightstalker 2, sense surroundings 1, poison resistance, powered by pain 1,
electricity resistance, slow regeneration 1, spit poison 1, MP-powered wands
a: Spit Poison, Heroism, Finesse, Renounce Religion
}: 1/15 runes: gossamer


You were on level 1 of the Vaults.
You worshipped Okawaru.
Okawaru was extremely pleased with you.
You were hungry.

You visited 7 branches of the dungeon, and saw 36 of its levels.
You also visited: Labyrinth and Ossuary.

You collected 4614 gold pieces.
You spent 3100 gold pieces at shops.

Inventory:

Hand Weapons
 b - a +5 arbalest of flaming
Missiles
 a - 4 bolts of flame
 n - 213 bolts (quivered)
 N - 12 poisoned bolts
 R - 69 silver bolts
 V - 39 bolts of frost
Armour
 k - a +2 plate armour of fire resistance (worn)
 l - a +2 pair of boots of stealth (worn)
 s - a +2 scale mail of fire resistance
 t - a +2 cloak of magic resistance (worn)
 P - the -2 hat of the Alchemist (worn) {rElec rPois rF+ rC+ rN+ MR+ rMut rCorr}
   (You found it in a labyrinth)

   It protects you from fire.
   It protects you from cold.
   It insulates you from electricity.
   It protects you from poison.
   It protects you from negative energy.
   It affects your resistance to hostile enchantments.
   It protects you from acid and corrosion.
   It protects you from mutation.
Jewellery
 B - an uncursed ring of protection from cold
 E - a +4 ring of protection (right claw)
 F - an uncursed ring of protection from fire
 K - an uncursed ring of positive energy
 L - a ring of protection from magic (left claw)
 U - an amulet of faith (around neck)
Wands
 y - a wand of teleportation (1)
 z - a wand of teleportation (4)
 J - a wand of disintegration (13)
 S - a wand of digging (14)
Scrolls
 d - 10 scrolls of teleportation
 i - 13 scrolls of fear
 m - 7 scrolls of amnesia
 p - 4 scrolls of enchant armour
 v - 11 scrolls of remove curse
 w - 6 scrolls of fog
 x - 5 scrolls of immolation
 C - 6 scrolls of recharging
 O - a scroll of blinking
 T - 6 scrolls of identify
 X - 4 scrolls of magic mapping
 Y - a scroll of silence
Potions
 e - 11 potions of might
 f - 5 potions of agility
 g - 4 potions of lignification
 h - 7 potions of brilliance
 o - 5 potions of curing
 q - 2 potions of magic
 r - 2 potions of heal wounds
 u - 2 potions of invisibility
 A - 6 potions of haste
 D - 2 potions of cancellation
 H - 4 potions of flight
 I - 3 potions of ambrosia
 Z - a potion of cure mutation
Miscellaneous
 G - a legendary deck of summoning {drawn: 2}
Comestibles
 c - 13 bread rations
 j - 13 meat rations
 M - 4 beef jerkies
 W - 7 royal jellies


   Skills:
 + Level 14.4 Fighting
   Level 4.7 Polearms
 - Level 13.0 Crossbows
 + Level 12.2 Armour
 - Level 11.1 Dodging
 - Level 3.8 Stealth
 + Level 17.4 Unarmed Combat
 - Level 8.5 Invocations
 * Level 6.0 Evocations


You had 5 spell levels left.
You knew the following spells:

 Your Spells              Type           Power        Failure   Level  Hunger
a - Regeneration          Chrm/Necr      #.........   100%        3    ####...
b - Repel Missiles        Chrm/Air       #.....       100%        2    ###....
c - Ring of Flames        Chrm/Fire      #.........   100%        7    #######


Dungeon Overview and Level Annotations

Branches:
Dungeon (15/15)            Temple (0/1) D:6            Lair (8/8) D:9
  Swamp (3/4) Lair:4       Spider (4/4) Lair:5        Slime (0/6) Lair:8
    Orc (4/4) D:9             Elf (1/3) Orc:4        Vaults (1/5) D:13
 Depths (0/5) D:15

Altars:
Ashenzari
Cheibriados
Dithmenos
Makhleb
Okawaru
Qazlal
Ru
Sif Muna
Trog
Vehumet
Xom
Zin
The Shining One
Beogh
Jiyva

Shops:
D:9 =*   D:14 [   Orc:1 *   Orc:4 [[(}

Portals:
Trove: D:11 (give +3 ice dragon armour)

Annotations:
D:4 Grinder
D:8 exclusion: 2 downstairs
D:10 exclusion: ice statue
Swamp:2 exclusion: 2 downstairs
Spider:3 exclusion: 2 downstairs
Vaults:1 Wiglaf


Innate Abilities, Weirdness & Mutations

You have claws for hands.
You are completely covered in icy blue scales (AC +4, EV -1, rC+).
You resist negative energy.
You are significantly more attuned to the shadows.
You sometimes gain a little power by taking damage.
Your flesh is cold resistant.
You passively map a small area around you.
Your system is resistant to poisons.
You are resistant to electric shocks.
You regenerate slowly when monsters are visible.
You can spit weak poison.
You expend magic power (3 MP) to strengthen your wands.


Message History

Wiglaf is struck by the twisting air!
Wiglaf blocks your hellion's attack.
Wiglaf hits your hellion with a broad axe!!!
Your hellion dies!
Wiglaf says, "Thae axes o' dwarves be upon ye!"
Violeg waves its arms in wide circles.
Wiglaf is struck by the twisting air!
Violeg hits Wiglaf.
Violeg completely misses Wiglaf.
Violeg barely misses Wiglaf.
Wiglaf says, "Och nae, elf-lovers an' halflin'-fanciers!"
Wiglaf hits you with a broad axe!!
* * * LOW HITPOINT WARNING * * *
Wiglaf misses Violeg.
You mangle Wiglaf!!
Wiglaf is severely wounded.
Wiglaf blocks Violeg's attack.
Drink which item? (? for menu, Esc to quit)
You feel much better.
Wiglaf says, "Ma axe will split yer heid!"
Wiglaf hits you with a broad axe!!
You die...

......#.........#. *
......'.........#.
......#.........#. ,
#.......#.....∩...#.
#.......#.........#. ,
#.......#.........#. ,*
#.......###########.
#................... , *
#..@................
####..g................
,
.....&.................
.......................
*####..#################
#..# * * #..# * , #..# *
#..# *


You could see Wiglaf and the friendly Violeg.

Vanquished Creatures
  Arachne (Spider:3)
  Jorgrun (Swamp:3)
  Rupert (Lair:4)
  Gastronok (D:11)
  Frances (Swamp:2)
  Kirke (D:14)
  3 thorn hunters
  Donald (Orc:3)
  8 emperor scorpions
  Maud (D:13)
  Louise (Spider:3)
  4 ghost moths
  2 orc warlords
  Azrael (D:15)
  A dire elephant (Lair:8)
  Snorg (Lair:7)
  3 vault guards (D:13)
  A minotaur (Lab)
  2 fire dragons (D:15)
  2 entropy weavers
  3 catoblepae
  14 hydras
  Erolcha (D:9)
  An ogre mage (D:13)
  14 death yaks
  A deep troll shaman (Lair:8)
  4 orc high priests
  6 alligators
  Urug (Lair:4)
  Sonja (D:13)
  Nergalle (Lair:4)
  2 spriggan druids (Swamp:3)
  A deep elf knight (Orc:4)
  6 orc knights
  2 shambling mangroves
  2 unseen horrors
  2 wizards (D:13)
  2 deep elf summoners (Orc:4)
  3 swamp dragons
  A wolf spider zombie (D:12)
  29 wolf spiders
  A lindwurm (Lair:5)
  2 necromancers (D:13)
  4 hill giants
  4 manticores
  9 orc sorcerers
  7 griffons
  7 ugly things
  8 hornets
  2 oklob plants
  12 orb spiders
  4 cyclopes
  A moth of wrath (shapeshifter) (Elf:1)
  23 elephants
  2 guardian serpents (D:14)
  A centaur zombie (D:15)
  An octopode (shapeshifter) (D:14)
  5 torpor snails
  Psyche (D:9)
  8 black mambas
  2 moths of wrath (Spider:4)
  2 kobold demonologists (D:15)
  26 spiny frogs
  6 gargoyles
  13 demonic crawlers
  4 fire drakes
  12 komodo dragons
  2 deep elf priests
  16 blink frogs
  A queen bee (Spider:3)
  2 two-headed ogres
  28 jumping spiders
  2 boulder beetles
  3 polar bears
  9 trolls
  9 slime creatures
  4 bog bodies
  A wolf spider simulacrum (D:14)
  A giant leech (Swamp:2)
  7 spriggans
  5 wyverns
  66 redbacks
  A shadow (Swamp:1)
  24 tarantellas
  24 trapdoor spiders
  5 deep elf fighters
  A fire elemental (D:15)
  73 yaks
  3 fire bats (Lair:5)
  3 basilisks
  7 deep elf magi
  17 humans (D:13)
  5 hungry ghosts
  26 vampire mosquitoes
  A steam dragon (Lair:4)
  16 hippogriffs
  A mottled dragon (D:13)
  2 wraiths (D:12)
  7 wargs
  32 wolves
  Edmund (D:6)
  4 insubstantial wisps (Swamp:1)
  12 swamp worms
  16 water moccasins
  5 hell hounds
  11 porcupines
  Duvessa (D:6)
  5 swamp drakes
  31 orc warriors
  4 black bears
  11 wasps
  2 eyes of draining
  18 spiders
  2 ice beasts
  6 sky beasts
  18 ogres
  4 centaurs
  3 phantoms
  5 boggarts (D:15)
  20 crocodiles
  A brain worm (D:15)
  8 big kobolds
  25 giant frogs
  A gnoll sergeant (D:12)
  A wyvern zombie (D:8)
  5 scorpions
  3 wyvern skeletons
  17 wights
  Dowan (D:6)
  34 killer bees
  9 crimson imps
  9 hounds
  3 electric eels
  3 jellies
  5 giant frog zombies
  31 orc priests
  44 orc wizards
  4 centaur skeletons
  14 iguanas
  12 worker ants
  A killer bee zombie (D:5)
  18 sheep
  A hound zombie (D:10)
  A hound skeleton (D:4)
  2 worker ant zombies
  4 gnolls (D:12)
  9 mummies
  55 river rats
  12 adders
  4 shadow imps
  An adder zombie (D:6)
  2 worms
  185 orcs
  6 giant cockroaches
  3 gnoll zombies (Ossuary)
  11 goblins
  11 hobgoblins
  20 jackals
  3 quokkas
  A ball python (D:8)
  A ball python skeleton (D:5)
  9 bats
  2 giant geckos
  2 giant gecko skeletons
  10 giant newts
  3 hobgoblin zombies (Ossuary)
  23 kobolds
  A kobold zombie (Ossuary)
  An orc zombie (Ossuary)
  2 quokka skeletons
  10 rats
  A bush (Lair:8)
  2 fungi
  21 plants
1552 creatures vanquished.

Vanquished Creatures (others)
  The ghost of xeno23 the Devastator, an adept DEFE of Vehumet (D:13)
  A deep elf mage (D:14)
  3 humans
  A swamp drake (D:9)
  An ogre (D:9)
  A giant frog (D:15)
  A hound (D:6)
  An iguana (D:9)
  An orc (Orc:3)
  5 bushes
  68 fungi
  40 plants
124 creatures vanquished.

Grand Total: 1676 creatures vanquished

Notes
Turn   | Place    | Note
--------------------------------------------------------------
     0 | D:1      | Goblin1989 the Demonspawn Monk began the quest for the Orb.
     0 | D:1      | Reached XP level 1. HP: 18/18 MP: 1/1
   319 | D:1      | Reached skill level 4 in Unarmed Combat
   334 | D:1      | Gained mutation: You are partially covered in icy blue scales (AC +1). [demonic ancestry]
   334 | D:1      | Reached XP level 2. HP: 21/24 MP: 2/2
  1116 | D:2      | Found a faded altar to an unknown god.
  1118 | D:2      | Reached XP level 3. HP: 29/29 MP: 3/3
  1119 | D:2      | Found a radiant altar of Vehumet.
  1328 | D:2      | Found a bloodstained altar of Trog.
  1609 | D:2      | Reached skill level 5 in Unarmed Combat
  2128 | D:3      | Gained mutation: You have sharp fingernails. [demonic ancestry]
  2128 | D:3      | Reached XP level 4. HP: 28/35 MP: 4/4
  2382 | D:3      | Reached XP level 5. HP: 22/41 MP: 5/5
  2435 | D:3      | Reached skill level 6 in Unarmed Combat
  3581 | D:4      | Gained mutation: You are mostly covered in icy blue scales (AC +3, EV -1). [demonic ancestry]
  3581 | D:4      | Reached XP level 6. HP: 33/47 MP: 6/6
  3759 | D:4      | Noticed a phantom
  3763 | D:4      | Reached skill level 7 in Unarmed Combat
  3782 | D:4      | Killed a phantom
  3932 | D:4      | Noticed an ice beast
  3954 | D:4      | Killed an ice beast
  3966 | D:4      | Gained mutation: You are slightly more attuned to the shadows. [demonic ancestry]
  3966 | D:4      | Reached XP level 7. HP: 52/52 MP: 7/7
  4070 | D:4      | Noticed Grinder
  4212 | D:4      | Noticed a slave
  4213 | D:4      | Noticed a slave
  4316 | D:4      | Found a stormy altar of Qazlal.
  4445 | D:5      | Entered Level 5 of the Dungeon
  4684 | D:5      | Reached skill level 8 in Unarmed Combat
  5502 | D:5      | Found a glowing silver altar of Zin.
  5584 | D:5      | Reached XP level 8. HP: 52/60 MP: 8/8
  5588 | D:5      | Gained mutation: You have large cloven feet. [mutagenic meat]
  5589 | D:5      | Gained mutation: You have supernaturally acute eyesight. [mutagenic meat]
  5590 | D:5      | Gained mutation: You passively map a small area around you. [mutagenic meat]
  5591 | D:5      | Gained mutation: You regenerate slowly when monsters are visible. [mutagenic meat]
  5592 | D:5      | Gained mutation: You are resistant to electric shocks. [mutagenic meat]
  5593 | D:5      | Gained mutation: You expend magic power (3 MP) to strengthen your wands. [mutagenic meat]
  6564 | D:6      | Found an iron altar of Okawaru.
  6938 | D:6      | Became a worshipper of Warmaster Okawaru
  6938 | D:6      | Reached * piety under Okawaru
  6938 | D:6      | Reached ** piety under Okawaru
  7075 | D:6      | Reached skill level 1 in Invocations
  7283 | D:6      | Reached skill level 5 in Fighting
  7392 | D:6      | Reached skill level 1 in Armour
  7448 | D:6      | Reached skill level 9 in Unarmed Combat
  7534 | D:6      | Noticed Dowan
  7547 | D:6      | Killed Dowan
  7585 | D:6      | Noticed Duvessa
  7600 | D:6      | Killed Duvessa
  7897 | D:6      | Noticed Edmund
  7917 | D:6      | Killed Edmund
  7917 | D:6      | Reached XP level 9. HP: 50/69 MP: 9/9
  7954 | D:6      | Found a staircase to the Ecumenical Temple.
  8314 | D:7      | Reached *** piety under Okawaru
  8618 | D:7      | Found a deep blue altar of Sif Muna.
  8943 | D:8      | Found a shattered altar of Ashenzari.
  9013 | D:8      | Found a sand-covered staircase.
  9020 | Ossuary  | Entered an ossuary
  9670 | D:8      | Reached skill level 5 in Armour
 10319 | D:8      | Found a shimmering altar of Xom.
 10333 | D:8      | Found a shimmering altar of Xom.
 10334 | D:8      | Found a shimmering altar of Xom.
 10372 | D:8      | Reached **** piety under Okawaru
 10386 | D:8      | Gained mutation: Your flesh is cold resistant. [mutagenic meat]
 10407 | D:8      | Gained mutation: You are completely covered in icy blue scales (AC +4, EV -1, rC+). [demonic ancestry]
 10407 | D:8      | Reached XP level 10. HP: 58/80 MP: 7/10
 11155 | D:8      | Found a snail-covered altar of Cheibriados.
 11346 | D:9      | Found Ohirph's General Store.
 11646 | D:9      | Noticed a hill giant
 11654 | D:9      | Killed a hill giant
 11654 | D:9      | Reached skill level 10 in Unarmed Combat
 11658 | D:9      | Found a glowing golden altar of the Shining One.
 11739 | D:9      | Noticed Psyche
 11765 | D:9      | Killed Psyche
 11809 | D:9      | Reached ***** piety under Okawaru
 12131 | D:9      | Found a staircase to the Lair.
 12314 | D:9      | Found Hama's Jewellery Shoppe.
 12317 | D:9      | Bought an uncursed ring of poison resistance for 260 gold pieces
 12326 | D:9      | Noticed Erolcha
 12469 | Lair:1   | Entered Level 1 of the Lair of Beasts
 12638 | Lair:1   | Received a gift from Okawaru
 12646 | Lair:1   | Gained mutation: You sometimes gain a little power by taking damage. [demonic ancestry]
 12646 | Lair:1   | Reached XP level 11. HP: 49/89 MP: 12/12
 13047 | Lair:1   | Noticed a black mamba
 13064 | Lair:1   | Killed a black mamba
 14191 | Lair:1   | Received a gift from Okawaru
 14191 | Lair:1   | Reached skill level 10 in Fighting
 14345 | Lair:2   | Noticed an eight-headed hydra
 14839 | Lair:2   | Learned a level 3 spell: Regeneration
 14882 | Lair:2   | You fall through a shaft for 2 floors!
 14882 | Lair:4   | Found a staircase to the Swamp.
 15353 | Lair:3   | Reached skill level 5 in Invocations
 15408 | Lair:3   | Received a gift from Okawaru
 15554 | Lair:3   | Reached skill level 5 in Dodging
 15554 | Lair:3   | Reached skill level 11 in Unarmed Combat
 16306 | Lair:2   | Gained mutation: You have very sharp fingernails. [demonic ancestry]
 16306 | Lair:2   | Reached XP level 12. HP: 66/97 MP: 16/16
 16586 | Lair:2   | Got an encrusted ring mail
 16615 | Lair:1   | Identified the cursed +0 ring mail of the Hidden Tales {rN+ Dex+4} (You found it on level 2 of the Lair of Beasts)
 18027 | Lair:3   | Noticed a five-headed hydra
 18911 | Lair:4   | Reached ****** piety under Okawaru
 18911 | Lair:4   | Reached skill level 12 in Unarmed Combat
 19099 | Lair:4   | Noticed Rupert
 19193 | Lair:5   | Received a gift from Okawaru
 19249 | Lair:5   | Found a dark tunnel.
 19371 | Lair:5   | Found a hole to the Spider Nest.
 19615 | Lair:5   | Found a shimmering altar of Xom.
 19624 | Lair:5   | Received a gift from Okawaru
 19863 | Lair:5   | Noticed a six-headed hydra
 19911 | Lair:5   | Killed a six-headed hydra
 19911 | Lair:5   | Gained mutation: You have claws for hands. [demonic ancestry]
 19911 | Lair:5   | Reached XP level 13. HP: 97/104 MP: 11/19
 20248 | Lair:5   | HP: 4/104 [wolf spider (8)]
 20249 | Lair:5   | HP: 1/104 [wolf spider (4)]
 21582 | D:9      | Received a gift from Okawaru
 21603 | D:9      | Killed Erolcha
 21656 | D:9      | Reached skill level 13 in Unarmed Combat
 21681 | D:9      | Bought a potion of resistance for 160 gold pieces
 21681 | D:9      | Bought a scroll of identify for 32 gold pieces
 21681 | D:9      | Bought a scroll of recharging for 152 gold pieces
 21714 | D:9      | Found a staircase to the Orcish Mines.
 22022 | Orc:1    | Entered Level 1 of the Orcish Mines
 23138 | Orc:1    | Found Dyeromep's Assorted Antiques.
 23154 | Orc:1    | Bought a scroll of teleportation for 111 gold pieces
 23154 | Orc:1    | Bought a clouded iron ring for 185 gold pieces
 23154 | Orc:1    | Bought 2 silvery potions for 66 gold pieces
 23154 | Orc:1    | Bought a scroll of identify for 74 gold pieces
 23154 | Orc:1    | Bought an embroidered cloak for 166 gold pieces
 23167 | Orc:1    | Identified the ring "Noudy" {Wiz rPois} (You bought it in a shop on level 1 of the Orcish Mines)
 23173 | Orc:1    | Gained mutation: Your spells are a little harder to cast, but a little more powerful. [potion of beneficial mutation]
 23174 | Orc:1    | Gained mutation: You can spit weak poison. [potion of beneficial mutation]
 23183 | Orc:1    | Found a deep blue altar of Sif Muna.
 23225 | Orc:1    | Reached skill level 10 in Armour
 23924 | Orc:3    | Noticed an orc warlord
 24079 | Orc:3    | Found a roughly hewn altar of Beogh.
 24591 | Orc:3    | Killed an orc warlord
 24835 | Orc:4    | Entered Level 4 of the Orcish Mines
 25390 | Orc:3    | Noticed Donald
 25410 | Orc:3    | Killed Donald
 25586 | Orc:3    | Noticed an orc warlord
 25629 | Orc:2    | Killed an orc warlord
 26212 | Orc:4    | Paralysed by an orc sorcerer for 7 turns
 26462 | Orc:4    | Found a staircase to the Elven Halls.
 26757 | Elf:1    | Entered Level 1 of the Elven Halls
 26984 | Orc:4    | Received a gift from Okawaru
 26984 | Orc:4    | Reached skill level 14 in Unarmed Combat
 26987 | Orc:4    | Got a steaming longbow {god gift}
 26988 | Orc:4    | Identified the +3 longbow of Contention {flame, *Corrode Dex+4 Stlth+} (Okawaru gifted it to you on level 4 of the Orcish Mines)
 27631 | Orc:4    | Reached XP level 14. HP: 92/114 MP: 20/20
 28203 | Orc:4    | Reached skill level 1 in Crossbows
 28490 | Orc:4    | Paralysed by an orc sorcerer for 2 turns
 28851 | Elf:1    | Received a gift from Okawaru
 29061 | Orc:4    | Found Tynnubru's Gadget Shop.
 29061 | Orc:4    | Found Vaerphino's Antique Armour Shop.
 29062 | Orc:4    | Found Arphaegit's Armour Emporium.
 29066 | Orc:4    | Found Ushritt's Weapon Emporium.
 29199 | D:10     | Entered Level 10 of the Dungeon
 30238 | D:11     | Noticed Gastronok
 30261 | D:11     | Killed Gastronok
 30339 | D:11     | Found a burning altar of Makhleb.
 30343 | D:11     | Reached skill level 5 in Crossbows
 30737 | D:11     | Found a portal to a secret trove of treasure.
 31093 | D:12     | Found a stormy altar of Qazlal.
 31269 | D:12     | Got a brightly glowing cloak
 31280 | D:12     | Identified the +0 cloak "Imubeam" {rN+} (You found it on level 12 of the Dungeon)
 31310 | D:12     | Found Koluev's Magic Scroll Boutique.
 31313 | D:12     | Bought a scroll of blinking for 90 gold pieces
 31313 | D:12     | Bought a scroll of blinking for 90 gold pieces
 31313 | D:12     | Bought a scroll of blinking for 90 gold pieces
 31313 | D:12     | Bought a scroll of identify for 24 gold pieces
 31313 | D:12     | Bought a scroll of identify for 24 gold pieces
 31313 | D:12     | Bought a scroll of magic mapping for 42 gold pieces
 31313 | D:12     | Bought a scroll of fog for 24 gold pieces
 31313 | D:12     | Bought a scroll of brand weapon for 240 gold pieces
 31313 | D:12     | Bought a scroll of vulnerability for 90 gold pieces
 31313 | D:12     | Bought a scroll of random uselessness for 12 gold pieces
 31313 | D:12     | Bought a scroll of recharging for 114 gold pieces
 31313 | D:12     | Bought a scroll of identify for 24 gold pieces
 31924 | D:12     | Learned a level 2 spell: Repel Missiles
 31971 | D:12     | Lost mutation: You can spit weak poison. [mutagenic meat]
 31972 | D:12     | Gained mutation: You can spit weak poison. [mutagenic meat]
 32166 | Orc:1    | Bought a steel ring for 185 gold pieces
 32461 | D:13     | Noticed Sonja
 32465 | D:13     | Noticed xeno23's ghost (adept DEFE)
 32484 | D:13     | Noticed Maud
 33413 | Lair:4   | Noticed Urug
 33413 | Lair:4   | Noticed Nergalle
 33862 | Lair:6   | Received a gift from Okawaru
 34189 | Lair:6   | Got a slimy trident
 34190 | Lair:6   | Identified the +4 trident of Symmetry {flame, *Confuse MR+++ Str-3 Int+3} (You found it on level 6 of the Lair of Beasts)
 34604 | Lair:6   | Received a gift from Okawaru
 35348 | Lair:6   | Received a gift from Okawaru
 35984 | Lair:7   | Found a labyrinth entrance.
 35993 | Lab      | Entered a labyrinth
 36167 | Lab      | Gained mutation: You resist negative energy. [demonic ancestry]
 36167 | Lab      | Reached XP level 15. HP: 107/120 MP: 5/21
 36169 | Lab      | Got a vibrating lead ring
 36189 | Lab      | Got a sparkling pewter ring
 36196 | Lab      | Got a fine cloak
 36207 | Lab      | Identified the cursed +0 cloak "Sepric" {Dex+4} (You found it in a labyrinth)
 36236 | Lab      | Identified the ring of Wodwo {Fire Int+4} (You took it off a minotaur in a labyrinth)
 36238 | Lab      | Identified the ring "Winwonosy" {+Fly MP+9 Str+5 Dex-2} (You found it in a labyrinth)
 36384 | Lair:5   | Reached skill level 10 in Crossbows
 36597 | D:9      | Bought an uncursed ring of protection from magic for 325 gold pieces
 36873 | Lair:6   | Received a gift from Okawaru
 37035 | Lair:7   | Noticed Snorg
 37045 | Lair:7   | Killed Snorg
 37045 | Lair:7   | Reached skill level 1 in Polearms
 38140 | Lair:8   | Entered Level 8 of the Lair of Beasts
 40006 | Lair:8   | Received a gift from Okawaru
 40090 | Lair:8   | Found a viscous altar of Jiyva.
 40091 | Lair:8   | Found a staircase to the Slime Pits.
 40314 | Lair:8   | Received a gift from Okawaru
 40644 | Lair:8   | Received a gift from Okawaru
 41652 | Lair:8   | Received a gift from Okawaru
 41911 | Spider:1 | Entered Level 1 of the Spider Nest
 41915 | Spider:1 | Reached skill level 15 in Unarmed Combat
 42178 | Spider:1 | Reached XP level 16. HP: 84/129 MP: 22/22
 42650 | Spider:1 | Received a gift from Okawaru
 42653 | Spider:1 | Got a smoking chain mail {god gift}
 42664 | Spider:1 | Identified the +0 chain mail of the Seven Nights {Dex+2} (Okawaru gifted it to you on level 1 of the Spider Nest)
 45129 | Spider:2 | Lost mutation: You have large cloven feet. [mutagenic meat]
 45140 | Spider:2 | Gained mutation: Your flesh is heat resistant. [mutagenic meat]
 45141 | Spider:2 | Lost mutation: Your spells are a little harder to cast, but a little more powerful. [mutagenic meat]
 47127 | Spider:3 | Received a gift from Okawaru
 48290 | Lair:4   | Killed Rupert
 48318 | Swamp:1  | Entered Level 1 of the Swamp
 48963 | D:9      | Bought an uncursed amulet of faith for 520 gold pieces
 50072 | Swamp:1  | Received a gift from Okawaru
 50075 | Swamp:1  | Got a shimmering triple crossbow {god gift}
 50077 | Swamp:1  | Identified the +3 triple crossbow of Crawling {elec, Int+3} (Okawaru gifted it to you on level 1 of the Swamp)
 50449 | Swamp:2  | Learned a level 7 spell: Ring of Flames
 51122 | Swamp:2  | Noticed Frances
 51138 | Swamp:2  | Killed Frances
 51271 | Swamp:2  | Reached XP level 17. HP: 111/137 MP: 23/23
 52294 | Swamp:2  | Received a gift from Okawaru
 52644 | Swamp:3  | Noticed Jorgrun
 52666 | Swamp:3  | Killed Jorgrun
 52666 | Swamp:3  | Reached skill level 16 in Unarmed Combat
 53105 | Swamp:3  | Received a gift from Okawaru
 53799 | Swamp:3  | Identified the Grimoire of Envenoming
 54578 | D:13     | Killed Sonja
 54597 | D:13     | Killed Maud
 54974 | D:13     | Killed xeno23's ghost
 55511 | D:13     | Found a gate to the Vaults.
 55718 | D:14     | Gained mutation: Your system is resistant to poisons. [mutagenic meat]
 55793 | D:14     | Found Tafuikut's Antique Armour Shop.
 55806 | D:14     | Noticed Kirke
 55814 | D:14     | Killed Kirke
 55814 | D:14     | Reached skill level 1 in Evocations
 55838 | D:14     | Reached skill level 10 in Dodging
 55934 | D:14     | Received a gift from Okawaru
 56241 | D:14     | Got a scorched ring mail
 56252 | D:14     | Identified the +2 ring mail "Ydotesm" {+Inv} (You found it on level 14 of the Dungeon)
 56526 | D:14     | Found a shadowy altar of Dithmenos.
 56615 | D:15     | Entered Level 15 of the Dungeon
 56866 | D:15     | Noticed Azrael
 56871 | D:15     | Found a shattered altar of Ashenzari.
 56887 | D:15     | Killed Azrael
 57126 | D:15     | Lost mutation: Your flesh is heat resistant. [mutagenic meat]
 57129 | D:15     | Lost mutation: You have supernaturally acute eyesight. [mutagenic meat]
 57842 | D:15     | Found a staircase to the Depths.
 57886 | D:15     | Found a sacrificial altar of Ru.
 58199 | Lair:1   | Killed an eight-headed hydra
 58238 | Lair:3   | Killed a nine-headed hydra
 58274 | Lair:3   | Gained mutation: You are significantly more attuned to the shadows. [demonic ancestry]
 58274 | Lair:3   | Reached XP level 18. HP: 123/146 MP: 24/24
 58340 | Lair:4   | Killed Urug
 58551 | Lair:4   | Killed Nergalle
 58970 | Spider:4 | Entered Level 4 of the Spider Nest
 59107 | Spider:3 | Reached skill level 17 in Unarmed Combat
 59224 | Spider:4 | Noticed Louise
 59254 | Spider:3 | Killed Louise
 59371 | Spider:3 | Received a gift from Okawaru
 60585 | Spider:4 | Received a gift from Okawaru
 60871 | Spider:4 | Noticed Arachne
 61015 | Spider:3 | Killed Arachne
 61330 | Spider:3 | Received a gift from Okawaru
 61865 | Spider:3 | Got a brightly glowing hat {god gift}
 61876 | Spider:3 | Identified the +1 hat of Yrhuste {Regen+ Str-5 Dex+4} (Okawaru gifted it to you on level 3 of the Spider Nest)
 62586 | Spider:4 | Reached skill level 5 in Evocations
 63314 | Spider:4 | Got a gossamer rune of Zot
 63502 | Spider:3 | Received a gift from Okawaru
 63978 | Vaults:1 | Entered Level 1 of the Vaults
 64041 | Vaults:1 | Noticed Wiglaf
 64064 | Vaults:1 | Noticed Violeg the pandemonium lord
 64069 | Vaults:1 | HP: 5/147 [Wiglaf/broad axe (25)]
 64071 | Vaults:1 | Slain by Wiglaf

Action                   |  1- 3 |  4- 6 |  7- 9 | 10-12 | 13-15 | 16-18 || total
-------------------------+-------+-------+-------+-------+-------+-------++-------
Melee: Unarmed           |   206 |   148 |   597 |  1079 |  2286 |  2181 ||  6497
 Fire: Arbalest          |       |       |       |       |    48 |   100 ||   148
Invok: Heroism           |       |       |     2 |    11 |    19 |    18 ||    50
       Finesse           |       |       |       |     2 |     6 |     3 ||    11
 Abil: Spit Poison       |       |       |       |       |     3 |       ||     3
Evoke: Wand              |       |       |       |     4 |    14 |     3 ||    21
       Deck              |       |       |       |       |       |     2 ||     2
  Use: Scroll            |       |       |    18 |     4 |    21 |    18 ||    61
       Potion            |       |       |     2 |     1 |     4 |    10 ||    17
 Stab: Sleeping          |     5 |       |    12 |       |     2 |     2 ||    21
       Distracted        |       |       |     2 |       |       |       ||     2
       Confused          |       |       |       |     2 |       |       ||     2
  Eat: Chunk             |     3 |     6 |    26 |    27 |    58 |    55 ||   175
       Bread ration      |       |       |     3 |       |       |       ||     3
       Beef jerky        |       |       |     1 |     1 |     1 |     5 ||     8
       Meat ration       |       |       |     1 |       |     3 |       ||     4
       Fruit             |       |       |       |     1 |       |    13 ||    14
       Royal jelly       |       |       |       |     1 |       |     9 ||    10
       Pizza             |       |       |       |       |     5 |     1 ||     6
